 Dungeon Crawl Stone Soup version 0.20-a0-1034-gb277f92 (webtiles) character file.

100945 Jarlath the Gelid (level 15, -7/92 HPs)
             Began as a Deep Elf Ice Elementalist on Apr 21, 2017.
             Was the Champion of Vehumet.
             Mangled by an orc warrior
             ... wielding a +0 short sword
             ... led by Saint Roka
              (10 damage)
             ... on level 2 of the Orcish Mines.
             The game lasted 00:56:57 (44026 turns).

Jarlath the Gelid (Deep Elf Ice Elementalist)      Turns: 44026, Time: 00:56:58

Health: -7/92      AC: 12    Str:  5    XL:     15   Next: 82%
Magic:  4/36       EV: 20    Int: 27    God:    Vehumet [******]
Gold:   127        SH:  8    Dex: 15    Spells: 9/45 levels left

rFire    . . .     SeeInvis .   M - +6 flail (crush)
rCold    + + .     Gourm    .   j - +3 buckler
rNeg     . . .     Faith    .   n - +3 leather armour {rF+}
rPois    .         Spirit   .   J - +2 hat
rElec    .         Reflect  .   (no cloak)
rCorr    .         Harm     .   f - +3 pair of gauntlets of War {Slay+5}
MR       +....                  (no boots)
Stlth    ++++......             (no amulet)
Regen    0.3/turn               r - ring of protection from cold
MPRegen  0.3/turn               B - ring of ice

@: very slightly contaminated, invisible
A: hooves 1, wild magic 1
a: Renounce Religion


You were on level 2 of the Orcish Mines.
You worshipped Vehumet.
Vehumet was exalted by your worship.
You were not hungry.

You visited 4 branches of the dungeon, and saw 22 of its levels.

You collected 1963 gold pieces.
You spent 1836 gold pieces at shops.

Inventory:

Hand Weapons
 M - a +6 flail of crushing (weapon)
Armour
 f - the +3 pair of gauntlets of War (worn) {Slay+5}
   (You acquired it on level 2 of the Lair of Beasts)

   It affects your accuracy and damage with ranged weapons and melee attacks
   (+5).
 j - a +3 buckler (worn)
 n - a +3 leather armour of fire resistance (worn)
 z - a +0 leather armour of magic resistance
 J - a +2 hat (worn)
Magical Staves
 b - an uncursed staff of conjuration
 L - an uncursed staff of death
Jewellery
 c - an uncursed ring of poison resistance
 e - an uncursed ring of flight
 i - an uncursed ring of see invisible
 r - a ring of protection from cold (left hand)
 w - a +2 ring of strength
 B - a ring of ice (right hand)
Wands
 k - a wand of iceblast (10/15)
 l - a wand of disintegration (13/24)
 o - a wand of digging (9/24)
 q - a wand of lightning (4/15)
 I - a wand of lightning (11/15)
Scrolls
 g - 3 scrolls of teleportation
 p - 2 scrolls of immolation
 v - 4 scrolls of remove curse
 D - 2 scrolls of identify
 H - a scroll of enchant armour
Potions
 m - a potion of invisibility
 s - a potion of curing
 E - 3 potions of agility
 F - 3 potions of lignification
Books
 d - a book of Unlife

   Spells                             Type                      Level
   a - Recall                         Summoning/Translocation      3
   b - Animate Dead                   Necromancy                   4
   c - Control Undead                 Necromancy                   4
   d - Cigotuvi's Embrace             Necromancy                   5
   e - Death Channel                  Necromancy                   6
   f - Simulacrum                     Ice/Necromancy               6
 t - a book of Frost

   Spells                             Type                      Level
   a - Freeze                         Ice                          1
   b - Throw Frost                    Conjuration/Ice              2
   c - Ozocubu's Armour               Charms/Ice                   3
   d - Throw Icicle                   Conjuration/Ice              4
   e - Summon Ice Beast               Ice/Summoning                4
 x - a book of Misfortune

   Spells                             Type                      Level
   a - Confusing Touch                Hexes                        1
   b - Confuse                        Hexes                        3
   c - Gell's Gravitas                Translocation                3
   d - Petrify                        Transmutation/Earth          4
   e - Metabolic Englaciation         Hexes/Ice                    5
   f - Yara's Violent Unravelling     Hexes/Transmutation          5
 y - a book of Air

   Spells                             Type                      Level
   a - Shock                          Conjuration/Air              1
   b - Swiftness                      Charms/Air                   2
   c - Static Discharge               Conjuration/Air              3
   d - Airstrike                      Air                          4
   e - Lightning Bolt                 Conjuration/Air              5
 K - a book of Flames

   Spells                             Type                      Level
   a - Flame Tongue                   Conjuration/Fire             1
   b - Throw Flame                    Conjuration/Fire             2
   c - Conjure Flame                  Conjuration/Fire             3
   d - Inner Flame                    Hexes/Fire                   3
   e - Sticky Flame                   Conjuration/Fire             4
   f - Fireball                       Conjuration/Fire             5
Comestibles
 h - 25 fruits
 u - a royal jelly
 A - 6 meat rations
 C - 3 bread rations


   Skills:
 - Level 10.1 Fighting
 - Level 4.0 Armour
 - Level 13.2 Dodging
 - Level 8.4 Stealth
 - Level 4.1 Shields
 - Level 15.8 Spellcasting
 * Level 10.5 Conjurations
 - Level 16.5 Ice Magic


You had 9 spell levels left.
You knew the following spells:

 Your Spells              Type           Power        Failure   Level  Hunger
a - Freezing Cloud        Conj/Ice/Air   #######...   5%          6    ####...
b - Ozocubu's Armour      Chrm/Ice       #######.     1%          3    None
c - Throw Icicle          Conj/Ice       ########     1%          4    None
d - Summon Ice Beast      Ice/Summ       #######.     2%          4    None
e - Metabolic Englaciati  Hex/Ice        #######...   5%          5    None
g - Swiftness             Chrm/Air       ####....     9%          2    None
h - Ozocubu's Refrigerat  Ice            ########..   1%          6    ####...
i - Bolt of Cold          Conj/Ice       ########..   1%          6    ####...


Dungeon Overview and Level Annotations

Branches:
Dungeon (13/15)            Temple (1/1) D:7            Lair (6/6) D:8
 Shoals (0/4) Lair:4        Snake (0/4) Lair:4        Slime (0/5) Lair:6
    Orc (2/2) D:11            Elf (0/3) Orc:2
 Vaults: D:13-14

Altars:
Ashenzari
Cheibriados
Dithmenos
Elyvilon
Gozag
Hepliaklqana
Kikubaaqudgha
Makhleb
Nemelex Xobeh
Okawaru
Qazlal
Sif Muna
Trog
Uskayaw
Vehumet
Xom
Yredelemnul
Zin
The Shining One
Jiyva

Shops:
D:4 !   Orc:2 *}*?

Annotations:
D:6 ZappyNine's ghost, novice CeFi
Orc:2 Saint Roka


Innate Abilities, Weirdness & Mutations

You have large cloven feet.
Your spells are a little harder to cast, but a little more powerful.


Message History

Saint Roka is almost dead.
Saint Roka invokes the aid of Beogh against you.
Beogh smites you!
You fade further into invisibility.
Saint Roka hits you with a long sword of holy wrath!!
The orc wizard hits you but does no damage.
Casting: Throw Icicle
Confirm with . or Enter, or press ? or * to list all spells.
You don't have enough magic to cast that spell.
Unknown command.
You hit Saint Roka. Your kick misses Saint Roka.
Saint Roka is almost dead.
Saint Roka hits you with a long sword of holy wrath!!
* * * LOW HITPOINT WARNING * * *
Unknown command.
You hit Saint Roka.
Saint Roka is almost dead.
Saint Roka hits you but does no damage.
The orc warrior hits you with a short sword!
You die...

.....)....§# .........§.#
.........### ######
.......##.####..#.###
#..........##.....#.#
..........##........###.#
#.........##.............
..........##..oo......#.#
........)o#....o@......##
..#.....oo§§............##
..##......§§§....#........
.. ###.....§............#
#...................##
........#............#
.......#####.......####
......## #........#
......### ##)#.....##


You could see Saint Roka, 2 orc warriors and an orc wizard.

Vanquished Creatures
  An orc warlord (Orc:1)
  A stone giant (Orc:2)
  6 hydras
  A merfolk avatar (Lair:6)
  5 two-headed ogres
  14 death yaks
  Urug (Lair:2)
  2 tengu warriors (D:13)
  5 orc high priests (Orc:2)
  A sea snake (Lair:6)
  2 harpies (Lair:6)
  11 orc knights
  2 oklob plants (Lair:5)
  2 manticores (Lair:6)
  2 ugly things
  An orc sorcerer (Orc:2)
  A cyclops (Orc:2)
  A merfolk siren (Lair:4)
  27 elephants
  Joseph (D:7)
  A torpor snail (Lair:5)
  15 spiny frogs
  2 centaur skeletons
  7 black mambas
  11 rime drakes
  8 komodo dragons
  A queen bee (Lair:4)
  3 meliai (Lair:4)
  3 merfolk (Lair:4)
  3 trolls
  The ghost of CanOfBees the Ducker, an amateur DsGl (D:4)
  A wind drake (Lair:6)
  2 hornets (Lair:6)
  A polar bear (Lair:6)
  28 blink frogs
  14 hippogriffs
  5 dream sheep (Lair:6)
  2 shadows (D:12)
  A vampire (D:11)
  5 basilisks
  7 wyverns
  Grum (D:9)
  65 yaks
  A vampire mosquito (D:11)
  A hungry ghost (D:7)
  5 wargs
  3 nagas (Lair:4)
  20 water moccasins
  11 porcupines
  2 hornet zombies
  2 sky beasts
  A necrophage (D:8)
  5 ice beasts
  58 orc warriors
  A phantom (D:8)
  5 ogres
  A black bear (Lair:2)
  An eye of draining (D:9)
  26 wolves
  24 crocodiles
  5 centaurs
  2 big kobolds
  20 bullfrogs
  A wyvern skeleton (D:8)
  5 scorpions
  41 killer bees
  8 howler monkeys
  10 crimson imps
  A bullfrog zombie (D:6)
  7 hounds
  32 orc priests
  7 jellies
  A gnoll shaman (D:7)
  3 bullfrog skeletons
  5 iguanas
  23 orc wizards
  6 hell rats
  15 worker ants
  2 hound zombies
  4 hound skeletons
  A worker ant zombie (D:10)
  A howler monkey zombie (D:9)
  9 gnolls (D:7)
  A howler monkey skeleton (D:10)
  11 adders
  A shadow imp (D:10)
  6 oozes
  3 worms
  3 dart slugs
  5 leopard geckos
  105 orcs
  7 bats
  A giant cockroach (D:7)
  11 goblins
  9 hobgoblins
  13 jackals
  5 quokkas
  A ball python (D:2)
  3 frilled lizards
  2 jackal skeletons
  10 kobolds
  A leopard gecko zombie (D:5)
  12 rats
  A fungus (Lair:5)
861 creatures vanquished.

Vanquished Creatures (collateral kills)
  8 yaks
  4 killer bees (D:10)
12 creatures vanquished.

Vanquished Creatures (others)
  22 fungi
  33 plants
55 creatures vanquished.

Grand Total: 928 creatures vanquished

Notes
Turn   | Place    | Note
-------+----------+-------------------------------------------
     0 | D:1      | Jarlath the Deep Elf Ice Elementalist began the quest for the Orb.
     0 | D:1      | Reached XP level 1. HP: 10/10 MP: 6/6
   303 | D:1      | Reached XP level 2. HP: 15/15 MP: 6/8
   616 | D:1      | Reached skill level 4 in Ice Magic
   892 | D:2      | Reached XP level 3. HP: 11/19 MP: 3/10
   982 | D:2      | Learned a level 3 spell: Ozocubu's Armour
  1265 | D:2      | Found an iron altar of Okawaru.
  1334 | D:2      | Found a faded altar of an unknown god.
  1668 | D:3      | Gained mutation: Your body sometimes deteriorates upon taking damage. [potion of mutation]
  1668 | D:3      | Gained mutation: Your muscles are strong. (Str +2) [potion of mutation]
  1669 | D:3      | Lost mutation: Your muscles are strong. (Str +2) [potion of mutation]
  1669 | D:3      | Lost mutation: Your body sometimes deteriorates upon taking damage. [potion of mutation]
  1669 | D:3      | Gained mutation: You are partially covered in icy blue scales. (AC +2) [potion of mutation]
  1669 | D:3      | Gained mutation: Your body sometimes deteriorates upon taking damage. [potion of mutation]
  1669 | D:3      | Gained mutation: Your natural rate of healing is unusually fast. [potion of mutation]
  1682 | D:3      | Reached skill level 5 in Ice Magic
  1818 | D:3      | Reached XP level 4. HP: 17/24 MP: 11/11
  2413 | D:4      | Found Izus's Distillery.
  2437 | D:4      | Bought a potion of curing for 42 gold pieces
  2437 | D:4      | Bought a potion of curing for 42 gold pieces
  2437 | D:4      | Bought a potion of heal wounds for 70 gold pieces
  2550 | D:4      | Reached XP level 5. HP: 24/28 MP: 5/13
  2559 | D:4      | Noticed CanOfBees's ghost (amateur DsGl)
  2814 | D:4      | Reached skill level 1 in Shields
  3084 | D:4      | Reached XP level 6. HP: 31/32 MP: 7/14
  3109 | D:4      | Learned a level 4 spell: Throw Icicle
  3114 | D:4      | Learned a level 4 spell: Summon Ice Beast
  3202 | D:4      | Bought a potion of curing for 42 gold pieces
  3202 | D:4      | Bought a potion of curing for 42 gold pieces
  3342 | D:5      | Entered Level 5 of the Dungeon
  3689 | D:5      | Reached XP level 7. HP: 32/36 MP: 7/15
  4016 | D:6      | Reached skill level 1 in Fighting
  4312 | D:6      | Noticed ZappyNine's ghost (novice CeFi)
  4318 | D:6      | Noticed a centaur warrior
  4491 | D:7      | Found a staircase to the Ecumenical Temple.
  4507 | Temple   | Entered the Ecumenical Temple
  4740 | Temple   | Became a worshipper of Vehumet
  4867 | D:7      | Reached XP level 8. HP: 42/48 MP: 8/16
  5065 | D:7      | Noticed Joseph
  5076 | D:7      | Killed Joseph
  5076 | D:7      | Reached skill level 5 in Fighting
  6741 | D:7      | Reached XP level 9. HP: 56/57 MP: 9/17
  6956 | D:6      | Reached * piety under Vehumet
  6956 | D:6      | Offered knowledge of Magic Dart by Vehumet.
  7282 | D:6      | Reached skill level 6 in Ice Magic
  7966 | D:6      | Reached skill level 5 in Spellcasting
  8806 | D:4      | Bought a potion of mutation for 112 gold pieces
  8817 | D:4      | Killed CanOfBees's ghost
  9135 | D:4      | Lost mutation: Your body sometimes deteriorates upon taking damage. [potion of mutation]
  9135 | D:4      | Gained mutation: You expend magic power (3 MP) to strengthen your wands. [potion of mutation]
  9135 | D:4      | Gained mutation: You passively map a small area around you. [potion of mutation]
  9495 | D:6      | Reached skill level 1 in Armour
 10199 | D:8      | Noticed a two-headed ogre
 11392 | D:8      | Noticed an angel
 11393 | D:8      | Found a glowing silver altar of Zin.
 11467 | D:8      | Reached XP level 10. HP: 59/62 MP: 1/20
 11550 | D:8      | Reached ** piety under Vehumet
 12093 | D:8      | Found a staircase to the Lair.
 12808 | D:8      | Killed a two-headed ogre
 13211 | D:9      | Noticed Grum
 13255 | D:8      | Offered knowledge of Searing Ray by Vehumet.
 13469 | D:9      | Killed Grum
 13948 | D:9      | Noticed a two-headed ogre
 13953 | D:9      | Killed a two-headed ogre
 14396 | D:9      | Reached skill level 10 in Spellcasting
 14634 | D:10     | Entered Level 10 of the Dungeon
 14669 | D:10     | Gained mutation: You are frail. (-10% HP) [mutagenic meat]
 14670 | D:10     | Gained mutation: You passively map the area around you. [mutagenic meat]
 14980 | D:10     | Noticed a two-headed ogre
 15004 | D:10     | Killed a two-headed ogre
 15004 | D:10     | Reached XP level 11. HP: 57/63 MP: 4/28
 15301 | D:10     | Offered knowledge of Conjure Flame by Vehumet.
 15382 | D:10     | Noticed a two-headed ogre
 15402 | D:10     | Killed a two-headed ogre
 15800 | D:10     | Reached skill level 7 in Ice Magic
 16287 | D:10     | Noticed a two-headed ogre
 16295 | D:10     | Killed a two-headed ogre
 16295 | D:10     | Reached skill level 5 in Conjurations
 16398 | D:11     | Reached skill level 8 in Ice Magic
 16428 | D:11     | Reached *** piety under Vehumet
 16620 | D:11     | Found a staircase to the Orcish Mines.
 16842 | D:11     | Noticed a green ugly thing
 16849 | D:11     | Killed a green ugly thing
 16849 | D:11     | Reached skill level 9 in Ice Magic
 17050 | D:11     | Gained mutation: You have a pair of small antennae on your head. [mutagenic meat]
 17051 | D:11     | Lost mutation: You are frail. (-10% HP) [mutagenic meat]
 17052 | D:11     | Gained mutation: You occasionally shout uncontrollably at your foes. [mutagenic meat]
 17293 | D:11     | Lost mutation: You expend magic power (3 MP) to strengthen your wands. [potion of mutation]
 17293 | D:11     | Lost mutation: You occasionally shout uncontrollably at your foes. [potion of mutation]
 17293 | D:11     | Lost mutation: Your natural rate of healing is unusually fast. [potion of mutation]
 17293 | D:11     | Lost mutation: You passively map the area around you. [potion of mutation]
 17293 | D:11     | Lost mutation: You have a pair of small antennae on your head. [potion of mutation]
 17293 | D:11     | Lost mutation: You are partially covered in icy blue scales. (AC +2) [potion of mutation]
 17293 | D:11     | Gained mutation: You are occasionally teleported next to monsters. [potion of mutation]
 17293 | D:11     | Gained mutation: Your system is resistant to poisons. (rPois) [potion of mutation]
 18180 | D:12     | Offered knowledge of Dazzling Spray by Vehumet.
 19928 | D:12     | Reached skill level 10 in Ice Magic
 19955 | D:12     | Lost mutation: Your system is resistant to poisons. (rPois) [potion of mutation]
 19955 | D:12     | Lost mutation: You passively map a small area around you. [potion of mutation]
 19955 | D:12     | Lost mutation: You are occasionally teleported next to monsters. [potion of mutation]
 19955 | D:12     | Gained mutation: You have large cloven feet. [potion of mutation]
 19955 | D:12     | Gained mutation: Your spells are a little harder to cast, but a little more powerful. [potion of mutation]
 20357 | D:13     | Noticed a tengu warrior
 20358 | D:13     | Noticed a tengu warrior
 20365 | D:13     | Killed a tengu warrior
 20368 | D:13     | Killed a tengu warrior
 20368 | D:13     | Reached XP level 12. HP: 30/76 MP: 2/30
 20883 | Lair:1   | Entered Level 1 of the Lair of Beasts
 20884 | Lair:1   | Reached skill level 11 in Ice Magic
 21107 | Lair:1   | Reached **** piety under Vehumet
 21268 | Lair:1   | Learned a level 5 spell: Metabolic Englaciation
 21362 | Lair:1   | Offered knowledge of Ignite Poison by Vehumet.
 21864 | Lair:1   | Found a glowing silver altar of Zin.
 22018 | Lair:1   | Reached skill level 12 in Ice Magic
 23387 | Lair:2   | Noticed Urug
 23397 | Lair:2   | Killed Urug
 23692 | Lair:2   | Noticed a death yak
 23694 | Lair:2   | Noticed a death yak
 23723 | Lair:2   | Killed a death yak
 23723 | Lair:2   | Reached skill level 13 in Ice Magic
 23735 | Lair:2   | Noticed a death yak
 23848 | Lair:1   | Killed a death yak
 24170 | Lair:2   | Identified 2 scrolls of acquirement
 24645 | Lair:3   | Noticed a five-headed hydra
 24939 | Lair:3   | Killed a five-headed hydra
 25171 | Lair:3   | Reached XP level 13. HP: 28/80 MP: 14/32
 25503 | Lair:3   | Reached skill level 14 in Ice Magic
 25583 | Lair:3   | Reached ***** piety under Vehumet
 25583 | Lair:3   | Offered knowledge of Force Lance by Vehumet.
 27912 | Lair:4   | Found a staircase to the Snake Pit.
 27943 | Lair:4   | Reached skill level 15 in Ice Magic
 28546 | Lair:4   | Found a staircase to the Shoals.
 29032 | Lair:4   | Reached skill level 15 in Spellcasting
 29599 | Lair:4   | Reached skill level 5 in Dodging
 29666 | Lair:4   | Got a slimy scimitar
 29675 | Lair:4   | Offered knowledge of Lee's Rapid Deconstruction by Vehumet.
 29697 | Lair:4   | Identified the +7 scimitar "Beastbane" {holy, *Rage +Blink rElec} (You found it on level 4 of the Lair of Beasts)
 30604 | Lair:4   | Reached XP level 14. HP: 33/86 MP: 3/35
 32056 | Lair:5   | Found a burning altar of Makhleb.
 32181 | Lair:5   | Reached skill level 10 in Dodging
 32444 | Lair:5   | Learned a level 3 spell: Inner Flame
 32495 | Lair:5   | Learned a level 2 spell: Swiftness
 33218 | Lair:6   | Entered Level 6 of the Lair of Beasts
 36339 | Lair:6   | Reached skill level 5 in Stealth
 36603 | Lair:6   | Offered knowledge of Ozocubu's Refrigeration by Vehumet.
 36620 | Lair:6   | Learned a level 6 spell: Ozocubu's Refrigeration
 36972 | Lair:6   | Found a viscous altar of Jiyva.
 36973 | Lair:6   | Found a staircase to the Slime Pits.
 37496 | Lair:6   | Reached XP level 15. HP: 65/90 MP: 7/36
 38297 | D:4      | Bought 2 potions of invisibility for 224 gold pieces
 38297 | D:4      | Bought a potion of curing for 42 gold pieces
 38297 | D:4      | Bought a potion of agility for 56 gold pieces
 38297 | D:4      | Bought a potion of agility for 56 gold pieces
 38297 | D:4      | Bought a potion of agility for 56 gold pieces
 38297 | D:4      | Bought a potion of lignification for 42 gold pieces
 39521 | Lair:6   | Reached skill level 16 in Ice Magic
 39900 | Lair:6   | Reached skill level 10 in Fighting
 40663 | Orc:1    | Entered Level 1 of the Orcish Mines
 40681 | Orc:1    | Offered knowledge of Bolt of Draining by Vehumet.
 41056 | Orc:1    | Noticed an orc warlord
 41064 | Orc:1    | Killed an orc warlord
 41356 | Orc:1    | Found a radiant altar of Vehumet.
 41520 | Orc:2    | Entered Level 2 of the Orcish Mines
 41617 | Orc:2    | Found a staircase to the Elven Halls.
 41776 | Orc:2    | Reached ****** piety under Vehumet
 41776 | Orc:2    | Offered knowledge of Bolt of Cold by Vehumet.
 41800 | Orc:2    | Learned a level 6 spell: Bolt of Cold
 42743 | Orc:2    | Reached skill level 10 in Conjurations
 42963 | Orc:2    | Found Onyd's Magic Scroll Shoppe.
 42963 | Orc:2    | Found Vumnifuo's Assorted Antiques.
 42964 | Orc:2    | Found Mugriuce's Assorted Antiques.
 42964 | Orc:2    | Found Xoschaoxa's Gadget Shoppe.
 42972 | Orc:2    | Bought a thin smoking staff for 300 gold pieces
 42978 | Orc:2    | Bought a scroll of teleportation for 45 gold pieces
 42979 | Orc:2    | Bought a curved jewelled staff for 300 gold pieces
 42979 | Orc:2    | Bought a scroll of identify for 50 gold pieces
 42983 | Orc:2    | Bought a scroll of identify for 50 gold pieces
 42983 | Orc:2    | Bought a faintly glowing dagger for 175 gold pieces
 42984 | Orc:2    | Bought a scroll of identify for 30 gold pieces
 42984 | Orc:2    | Bought a scroll of identify for 30 gold pieces
 42984 | Orc:2    | Bought a scroll of fog for 30 gold pieces
 42984 | Orc:2    | Identified the +1 dagger of Scorn {flame, Int+4} (You bought it in a shop on level 2 of the Orcish Mines)
 43284 | Orc:2    | Noticed Saint Roka
 43524 | Orc:2    | Offered knowledge of Freezing Cloud by Vehumet.
 43532 | Orc:2    | Learned a level 6 spell: Freezing Cloud
 44025 | Orc:2    | HP: 3/92 [Saint Roka/long sword of holy wrath (27)]
 44026 | Orc:2    | Mangled by an orc warrior

Vault maps used:
D:1:      lemuel_arrival_muddy
D:2:      chequers_ecumenical_altar_grove, okawaru_ov_weapons_minmay
D:3:      minmay_misc_feat_columns, minmay_misc_feat_plants
D:4:      serial_shops, nicolae_shop_stone, first_bread
D:5:      minmay_liquid_box
D:7:      minmay_temple_entry_junction, uniq_joseph
D:8:      zin_angel, dpeg_oklobed_lair, hangedman_little_slice_of_home
D:9:      uniq_grum
D:11:     orc_0_dummy
D:12:     hangedman_decor_riveting
Temple:   nicolae_temple_the_god_donut
Lair:1:   basic_altar
Lair:2:   grunt_megastairs_2, uniq_urug
Lair:3:   beast_lair_carwin_3, lemuel_fruit_tree
Lair:4:   regret_index_tunnel_blossom, elwin_shoals_entry_stream,
          minmay_snake_entry_guardpost_small, wad_woods_road_04
Lair:5:   basic_altar, minmay_lair_drake_nest, minmay_lair_oklob_chamber,
          grunt_megastairs_5
Lair:6:   gammafunk_lair_ancient_temple, dpeg_slime_entry_enclosed_altar,
          grunt_megastairs_1
Orc:1:    special_room, basic_altar, minmay_orc_keep
Orc:2:    st_orc_pillars, uniq_saint_roka

Skill      XL: |  1  2  3  4  5  6  7  8  9 10 11 12 13 14 15 |
---------------+----------------------------------------------+-----
Ice Magic      | 4 5 6 10 13 15 16 | 16.5
Spellcasting   | 4 5 11 12 13 15 | 15.8
Shields        | 2 4 |  4.1
Fighting       | 4 7 8 9 10 | 10.1
Conjurations   | 4 7 8 10 | 10.5
Armour         | 4 |  4.0
Dodging        | 8 13 | 13.2
Stealth        | 8 |  8.4

Action                   |  1- 3 |  4- 6 |  7- 9 | 10-12 | 13-15 || total
-------------------------+-------+-------+-------+-------+-------++-------
Melee: Unarmed           |    13 |       |       |       |       ||    13
       Mace              |    18 |    27 |       |       |       ||    45
       Trident           |     2 |       |       |       |       ||     2
       Flail             |       |   128 |   173 |   152 |   153 ||   606
       Staff             |       |       |       |     6 |     3 ||     9
       Demon trident     |       |       |       |    15 |       ||    15
       Kick              |       |       |       |     5 |    43 ||    48
 Cast: Freeze            |    57 |    34 |   204 |    79 |    40 ||   414
       Ozocubu's Armour  |     1 |    15 |    25 |    13 |    11 ||    65
       Throw Icicle      |       |       |    38 |   289 |   635 ||   962
       Summon Ice Beast  |       |       |     2 |    12 |     2 ||    16
       Metabolic Englaci |       |       |       |     4 |     8 ||    12
       Inner Flame       |       |       |       |       |     2 ||     2
       Ozocubu's Refrige |       |       |       |       |    23 ||    23
       Bolt of Cold      |       |       |       |       |    20 ||    20
       Freezing Cloud    |       |       |       |       |     2 ||     2
Evoke: Wand              |       |     1 |       |     2 |     1 ||     4
  Use: Scroll            |     5 |     4 |    14 |    15 |    23 ||    61
       Potion            |     3 |     1 |     4 |     8 |    18 ||    34
 Stab: Sleeping          |       |     6 |     2 |     1 |       ||     9
       Distracted        |       |       |     1 |     1 |       ||     2
       Invisible         |       |       |       |       |     1 ||     1
  Eat: Chunk             |     2 |     8 |     9 |    26 |    38 ||    83
       Bread ration      |       |       |     5 |     3 |       ||     8
       Royal jelly       |       |       |       |     5 |    12 ||    17
       Fruit             |       |       |       |     3 |     3 ||     6
       Meat ration       |       |       |       |     1 |       ||     1
Armor: Robe              |    16 |       |       |       |       ||    16
       Leather armour    |       |    88 |   158 |   174 |   165 ||   585
       Skin              |       |       |    17 |       |       ||    17
Dodge: Dodged            |    62 |   135 |   255 |   228 |   396 ||  1076
Block: Buckler           |       |    28 |    98 |    91 |   123 ||   340
